 Dungeon Crawl Stone Soup version 0.29-a0-866-g0545e20025 (webtiles) character file.

Game seed: 10194295711473071989

229446 Ajdolov the Deadly Accurate (level 19, -3/104 HPs)
             Began as a Vine Stalker Fighter on July 17, 2022.
             Was the Champion of the Shining One.
             Slain by a guardian serpent (7 damage)
             ... on level 1 of the Snake Pit.
             The game lasted 01:06:11 (28262 turns).

Ajdolov the Deadly Accurate (Vine Stalker Fighter) Turns: 28262, Time: 01:06:12

Health: -3/104     AC: 19    Str: 28    XL:     19   Next: 84%
Magic:  0/31       EV:  7    Int:  8    God:    the Shining One [******]
Gold:   249        SH: 10    Dex: 18    Spells: 18/18 levels left

rFire   . . .      SeeInvis .   i - +5 sacred scourge (holy)
rCold   . . .      Faith    .   P - +3 warlock's mirror {reflect}
rNeg    + + +      Spirit   +   d - +0 plate armour
rPois   +          Reflect  +   Q - +1 helmet
rElec   .          Harm     .   z - +2 cloak
rCorr   +          Rampage  .   k - +0 pair of fencer's gloves {Riposte Dex+3}
Will    +++..                   (no boots)
Stlth   ..........              X - amulet of magic regeneration
HPRegen 1.07/turn               Z - ring of Osasy {Will+ rCorr Str+2 Slay+2}
MPRegen 0.62/turn               A - ring of poison resistance

@: lethally poisoned (-3 -> -5), glowing
A: fangs 3, regeneration 1, magic shield, antimagic bite, no potion heal 2
a: Renounce Religion, Divine Shield, Cleansing Flame, Summon Divine Warrior


You were on level 1 of the Snake Pit.
You worshipped the Shining One.
The Shining One was exalted by your worship.
You visited 5 branches of the dungeon, and saw 27 of its levels.
You visited 1 bazaar.

You collected 2390 gold pieces.
You spent 2141 gold pieces at shops.

Inventory:

Hand Weapons
 i - a +5 sacred scourge of holy wrath (weapon)
Missiles
 l - 17 boomerangs (quivered)
 m - 3 throwing nets
 s - 17 javelins
 v - 4 curare-tipped darts
 y - 2 silver javelins
Armour
 d - a +0 plate armour (worn)
 k - the +0 pair of fencer's gloves (worn) {Riposte Dex+3}
   (You acquired it on level 5 of the Dungeon)

   It allows the wearer to riposte with melee weapons, swiftly retaliating
   against missed or blocked melee attacks.
   Dex:       It affects your dexterity (+3).
 r - a +0 cloak of poison resistance
 z - a +2 cloak (worn)
 O - the +3 Mad Mage's Maulers {Infuse+∞ RegenMP Int-3}
   (You found it on level 4 of the Lair of Beasts)

   It empowers its wearer's blows with all of their magic.
   It causes its wearer's magical reserves to regenerate more quickly.
   Int:       It affects your intelligence (-3).
 P - the +3 warlock's mirror (worn) {reflect}
   (You acquired it on level 15 of the Dungeon)

   It can block and reflect piercing ranged attacks and magical attacks against
   the wielder's willpower.
 Q - a +1 helmet (worn)
Jewellery
 b - a ring of ice
 A - a ring of poison resistance (right hand)
 S - an amulet of reflection
 T - a ring of flight
 U - a ring of fire
 V - a ring of resist corrosion
 X - an amulet of magic regeneration (around neck)
 Z - the ring of Osasy (left hand) {Will+ rCorr Str+2 Slay+2}
   (You bought it in a shop on level 2 of the Orcish Mines)

   [ring of resist corrosion]

   Str:       It affects your strength (+2).
   Slay:      It affects your accuracy & damage with ranged weapons and melee
   (+2).
   rCorr:     It protects you from acid and corrosion.
   Will:      It increases your willpower.
Wands
 q - a wand of paralysis (25)
 B - a wand of digging (14)
 C - a wand of flame (35)
 F - a wand of roots (8)
 H - a wand of acid (4)
 K - a wand of mindburst (9)
Scrolls
 a - 4 scrolls of immolation
 f - a scroll of silence
 g - 3 scrolls of amnesia
 h - 2 scrolls of fear
 n - 2 scrolls of fog
 u - 7 scrolls of poison
 w - 7 scrolls of vulnerability
 G - 4 scrolls of noise
 I - a scroll of brand weapon
 M - 4 scrolls of magic mapping
 W - 3 scrolls of teleportation
 Y - a scroll of summoning
Potions
 e - 5 potions of magic
 j - 2 potions of berserk rage
 o - 16 potions of curing
 p - 4 potions of mutation
 t - 7 potions of lignification
 x - 3 potions of attraction
 D - 3 potions of might
 E - 2 potions of brilliance
 J - 2 potions of flight
 N - 3 potions of ambrosia
 R - a potion of cancellation
Miscellaneous
 c - a phial of floods


   Skills:
 + Level 13.3 Fighting
 - Level 12.0 Maces & Flails
 - Level 16.0 Throwing
 * Level 5.4 Armour
 - Level 10.5 Shields
 - Level 15.0 Invocations


You had 18 spell levels left.
You didn't know any spells.
Your spell library contained the following spells:

 Spells                   Type           Power      Damage    Failure   Level
 Apportation              Tloc           0%         N/A       99%         1
 Beastly Appendage        Tmut           0%         N/A       99%         1
 Freeze                   Ice            0%         1d3       99%         1
 Necrotise                Necr           0%         1d4       99%         1
 Summon Small Mammal      Summ           0%         N/A       99%         1
 Wereblood                Tmut           0%         N/A       100%        2
 Frozen Ramparts          Ice            0%         1d2       100%        3
 Gell's Gravitas          Tloc           0%         N/A       100%        3
 Lesser Beckoning         Tloc           0%         N/A       100%        3
 Spider Form              Tmut/Pois      0%         N/A       100%        3
 Teleport Other           Tloc           0%         N/A       100%        3
 Tukima's Dance           Hex            0%         N/A       100%        3
 Vampiric Draining        Necr           0%         2d6       100%        3
 Animate Armour           Summ/Erth      0%         N/A       100%        4
 Hailstorm                Conj/Ice       0%         3d3       100%        4
 Olgreb's Toxic Radiance  Pois           0%         N/A       100%        4
 Passage of Golubria      Tloc           0%         N/A       100%        4
 Summon Lightning Spire   Summ/Air       0%         N/A       100%        4
 Blade Hands              Tmut           0%         N/A       100%        5
 Yara's Violent Unravell  Hex/Tmut       0%         3d3       100%        5
 Iron Shot                Conj/Erth      0%         9d1       100%        6
 Ozocubu's Refrigeration  Ice            0%         4d5       100%        7
 Summon Hydra             Summ           0%         N/A       100%        7
 Ignition                 Fire           0%         3d3       100%        8
 Chain Lightning          Conj/Air       0%         N/A       100%        9
 Fire Storm               Conj/Fire      0%         5d1       100%        9
 Shatter                  Erth           0%         3d5*      100%        9


Dungeon Overview and Level Annotations

Branches:
Dungeon (15/15)            Temple (0/1) D:7            Lair (6/6) D:8
 Shoals (3/4) Lair:4        Snake (1/4) Lair:2        Slime (0/5) Lair:5
    Orc (2/2) D:11            Elf (0/3) Orc:2        Vaults (0/5) D:13
 Depths (0/4) D:15

Altars:
Ashenzari
Cheibriados
Gozag
Makhleb
Nemelex Xobeh
Okawaru
Sif Muna
Trog
Wu Jian
Zin
The Shining One

Shops:
D:1 (   D:5 *   Orc:2 [=*(   Shoals:2 ?

Annotations:
D:10 2 runed translucent doors
Lair:1 3 runed translucent doors, AAA992's ghost, novice BaFi
Orc:2 2 transporters, megeza's ghost, journeyman OgBe


Innate Abilities, Weirdness & Mutations

You have razor-sharp teeth.
Your natural rate of healing is unusually fast.
When hurt, damage is shared between your health and your magic reserves.
Your bite disrupts and absorbs the magic of your enemies.
Potions cannot restore your health.


Message History

The naga warrior blocks your attack.
The naga warrior ripostes.
The naga warrior hits you with a +0 flail.
The naga warrior blocks your attack.
The naga warrior is heavily wounded.
You feel sick.
The naga warrior hits you with a +0 halberd!
Activating: Cleansing Flame (1% risk of failure)
Press: ? - help, Dir - look around, f - activate The golden flame engulfs you but does no damage.
You resist.
The golden flame engulfs the guardian serpent!
The guardian serpent is moderately wounded.
The golden flame engulfs the naga warrior!
The naga warrior is lightly wounded.
The golden flame engulfs the naga warrior!
The naga warrior is severely wounded.
You feel sick.
You hear an angry hiss.
You hear a shout! x3
You block the guardian serpent's attack.
The guardian serpent hits you!
The naga warrior hits you with a +0 halberd!!
* * * LOW HITPOINT WARNING * * *
The naga warrior barely misses you. The naga warrior constricts you.
Okay, then.
The naga warrior's grasp on you weakens, but your attempt to escape fails.
You feel sick.
You block the guardian serpent's attack.
The naga warrior hits you with a +0 halberd!!!
The Shining One protects you from harm! The naga warrior spits poison at you.
The splash of poison hits you but does no damage.
You are more poisoned.
You resist. The naga warrior constricts you.
Okay, then.
You escape the naga warrior's grasp.
You feel sick.
A shock serpent comes into view.
The guardian serpent hits you!
* * * LOW HITPOINT WARNING * * *
The guardian serpent hits you!
You die...

##### #...##########
#.. #............. #...
#).......# .##...
#####.#...<#
......######.....######
.........##N..###
.........S....#
..###..$..@.N..#
........))....##
.#.....###...#
##..$..##...#
#............##
#!...###.....# ..>..
....... #... ##....S.
#.. #......


You could see 2 naga warriors, a shock serpent and a guardian serpent.

Vanquished Creatures
  Nikola (Shoals:1)
  A kraken (Shoals:2)
  Aizul (Shoals:3)
  An orc warlord (Orc:2)
  A stone giant (D:15)
  A dire elephant (Lair:6)
  3 merfolk impalers (Shoals:3)
  A merfolk javelineer (Shoals:3)
  Snorg (Lair:5)
  Josephine (Lair:4)
  A fire dragon (D:15)
  An ice dragon (D:12)
  4 vault guards (D:13)
  A boulder beetle (D:12)
  2 catoblepae
  An ogre mage (D:15)
  5 hydras
  A merfolk avatar (Shoals:1)
  A death knight (D:15)
  4 two-headed ogres
  5 centaur warriors
  4 death yaks (Lair:6)
  2 tengu warriors (D:15)
  A deep troll shaman (Lair:6)
  Urug (Lair:5)
  An orc high priest (Orc:2)
  A fire crab (shapeshifter) (D:13)
  Sonja (Lair:4)
  Amaemon (D:8)
  8 skeletal warriors
  8 sea snakes
  7 orc knights
  11 harpies
  6 deep elf pyromancers
  6 orc sorcerers
  11 fauns
  7 manticores
  11 cyclopes
  8 ugly things
  8 elephants
  2 water nymphs (Shoals:2)
  6 black mambas
  5 merfolk sirens
  Maurice (D:8)
  8 cane toads
  4 gargoyles
  An unseen horror (D:13)
  An orange demon (D:7)
  An efreet (D:15)
  3 demonic crawlers (D:13)
  4 rime drakes
  5 komodo dragons
  8 trolls
  11 merfolk
  A queen bee (D:12)
  3 meliai (D:12)
  A hornet (D:9)
  6 polar bears
  Grinder (D:5)
  20 blink frogs
  3 snapping turtles
  19 dream sheep
  A slime creature (D:13)
  Sigmund (D:3)
  A vampire (D:13)
  3 wyverns
  39 yaks
  Eustachio (D:5)
  2 water elementals
  6 wraiths
  4 basilisks
  A steam dragon (D:7)
  2 vampire mosquitoes (D:13)
  4 wargs
  Menkaure (D:5)
  2 nagas (Snake:1)
  An acid dragon (D:11)
  A sky beast (D:7)
  20 water moccasins
  22 orc warriors
  2 black bears
  2 ice beasts (D:7)
  21 wolves
  5 ogres
  11 centaurs
  Blork the orc (Orc:2)
  3 kobold brigands
  11 bullfrogs
  2 gnoll sergeants
  3 scorpions
  3 wights (D:9)
  A hornet simulacrum (D:15)
  17 killer bees
  6 howler monkeys
  4 jellies
  3 gnoll boudas
  7 hounds
  An iguana (D:5)
  18 orc priests
  Ijyb (D:3)
  19 orc wizards
  6 hell rats (Lair:2)
  26 gnolls
  6 adders
  A shadow imp (D:6)
  An ufetubus (D:6)
  3 worms
  A dart slug (D:1)
  53 orcs
  5 bats
  9 endoplasms
  7 giant cockroaches
  6 goblins
  8 hobgoblins
  A quokka (D:1)
  7 ball pythons
  6 frilled lizards
  22 kobolds
  4 tentacles (Shoals:2)
680 creatures vanquished.

Vanquished Creatures (others)
  An orc (Orc:1)
  23 fungi
  56 plants
  3 tentacles (Shoals:2)
83 creatures vanquished.

Grand Total: 763 creatures vanquished

Notes
Turn   | Place    | Note
-------+----------+-------------------------------------------
     0 | D:1      | Ajdolov the Vine Stalker Fighter began the quest for the
                  | Orb.
     0 | D:1      | Reached XP level 1. HP: 11/11 MP: 2/2
   226 | D:1      | Reached XP level 2. HP: 16/16 MP: 3/3
   832 | D:1      | Found Zopher's Weapon Emporium.
   887 | D:1      | Reached XP level 3. HP: 16/19 MP: 4/4
  1651 | D:2      | Found a faded altar of an unknown god.
  1912 | D:2      | You fall into a shaft and drop 2 floors!
  1925 | D:4      | Found a snail-covered altar of Cheibriados.
  1948 | D:4      | Gained mutation: Your natural rate of healing is unusually
                  | fast. [Vine Stalker growth]
  1948 | D:4      | Reached XP level 4. HP: 20/23 MP: 5/5
  2068 | D:3      | Reached XP level 5. HP: 24/27 MP: 6/6
  2350 | D:4      | Reached XP level 6. HP: 25/32 MP: 7/7
  2353 | D:4      | Found an opulent altar of Gozag.
  2662 | D:5      | Entered Level 5 of the Dungeon
  2711 | D:5      | Reached skill level 5 in Maces & Flails
  2722 | D:5      | Noticed Grinder
  2847 | D:5      | Noticed a black bear
  2856 | D:5      | Killed a black bear
  2887 | D:5      | Reached XP level 7. HP: 29/35 MP: 5/8
  2898 | D:5      | Noticed Eustachio
  2984 | D:5      | Found an iron altar of Okawaru.
  2994 | D:5      | Found Wutt's General Store.
  3007 | D:5      | Bought a scroll of identify for 26 gold pieces
  3011 | D:5      | Identified a scroll of acquirement
  3013 | D:5      | Acquired the +0 pair of fencer's gloves {Riposte Dex+3}
  3013 | D:5      | Found the +0 pair of fencer's gloves {Riposte Dex+3}
  3321 | D:6      | Identified the +1 leather armour of the Howling Continents
                  | {Contam Will+ rCorr}
  3543 | D:6      | Reached skill level 5 in Shields
  3722 | D:6      | Gained mutation: You have razor-sharp teeth. [Vine Stalker
                  | growth]
  3722 | D:6      | Reached XP level 8. HP: 39/39 MP: 9/9
  4121 | D:7      | Found a glowing golden altar of the Shining One.
  4204 | D:7      | Became a worshipper of the Shining One
  4483 | D:7      | Found a staircase to the Ecumenical Temple.
  4647 | D:3      | Noticed Ijyb
  4649 | D:3      | Noticed Sigmund
  4667 | D:3      | Killed Ijyb
  4682 | D:3      | Killed Sigmund
  4737 | D:3      | Identified the amulet "Looxies" {Faith Fly rN+ Will- rCorr}
  5407 | D:5      | Killed Grinder
  5408 | D:5      | Reached XP level 9. HP: 27/43 MP: 7/10
  5455 | D:5      | Killed Eustachio
  5726 | D:5      | Noticed Menkaure
  5731 | D:5      | Killed Menkaure
  5732 | D:5      | Reached skill level 10 in Maces & Flails
  5878 | D:5      | Bought a potion of haste for 130 gold pieces
  5878 | D:5      | Bought a scroll of noise for 13 gold pieces
  6185 | D:8      | Noticed Amaemon
  6185 | D:8      | Noticed an orange demon
  6385 | D:7      | Killed an orange demon
  6581 | D:8      | Found a bloodstained altar of Trog.
  6763 | D:7      | Reached skill level 1 in Throwing
  6763 | D:7      | Reached XP level 10. HP: 47/47 MP: 11/11
  6918 | D:8      | Killed Amaemon
  6919 | D:8      | Reached skill level 3 in Throwing
  7002 | D:8      | Reached skill level 4 in Throwing
  7114 | D:8      | Found a shimmering blue altar of Sif Muna.
  7148 | D:8      | Noticed Maurice
  7162 | D:8      | Killed Maurice
  7163 | D:8      | Reached skill level 5 in Throwing
  7175 | D:8      | Found a staircase to the Lair.
  7397 | D:8      | Found a sparkling altar of Nemelex Xobeh.
  7608 | D:9      | Reached * piety under the Shining One
  7666 | D:9      | Reached skill level 6 in Throwing
  7886 | D:9      | Reached skill level 7 in Throwing
  8261 | D:9      | Reached ** piety under the Shining One
  8262 | D:9      | Reached XP level 11. HP: 50/52 MP: 12/12
  8357 | D:10     | Entered Level 10 of the Dungeon
  8357 | D:10     | Noticed a two-headed ogre
  8370 | D:10     | Killed a two-headed ogre
  8404 | D:10     | Noticed a two-headed ogre
  8586 | D:10     | Reached XP level 12. HP: 59/59 MP: 13/20
  8587 | D:10     | Reached XP level 13. HP: 70/70 MP: 13/21
  8588 | D:10     | Reached XP level 14. HP: 75/75 MP: 14/22
  8623 | D:10     | Found a large runed translucent door.
  8623 | D:10     | Found a large runed translucent door.
  8630 | D:10     | Found a glowing silver altar of Zin.
  8863 | D:10     | Found an ornate altar of the Wu Jian Council.
  8863 | D:10     | Found a broken altar of Ashenzari.
  8952 | D:11     | Found a staircase to the Orcish Mines.
  9870 | Lair:1   | Entered Level 1 of the Lair of Beasts
  9883 | Lair:1   | Reached skill level 10 in Fighting
  9959 | Lair:1   | Reached skill level 10 in Invocations
  9998 | Lair:1   | Reached skill level 10 in Throwing
  9998 | Lair:1   | Reached XP level 15. HP: 80/80 MP: 23/23
 10237 | Lair:1   | Found a runed translucent gate.
 10237 | Lair:1   | Found a runed translucent gate.
 10237 | Lair:1   | Found a runed translucent gate.
 10239 | Lair:1   | Noticed AAA992's ghost (novice BaFi)
 10969 | Lair:2   | Reached skill level 10 in Shields
 11325 | Lair:2   | Found a staircase to the Snake Pit.
 11334 | Lair:2   | Identified the +7 short sword of the New World {freeze, rC+
                  | Dex+4}
 11373 | Lair:2   | Reached skill level 11 in Throwing
 11600 | Lair:2   | Reached *** piety under the Shining One
 12358 | Lair:3   | You fall into a shaft and drop 1 floor!
 12389 | Lair:4   | Identified the +5 long sword of Annoyance {vorpal, rC+
                  | rN+++ Str-5 Int-3}
 13319 | Lair:4   | Reached skill level 12 in Throwing
 13547 | Lair:4   | Noticed Josephine
 13547 | Lair:4   | Reached **** piety under the Shining One
 13557 | Lair:4   | Killed Josephine
 13602 | Lair:4   | Found a staircase to the Shoals.
 13669 | Lair:4   | Noticed Sonja
 13675 | Lair:4   | Killed Sonja
 13957 | Lair:4   | Reached skill level 13 in Throwing
 13958 | Lair:4   | Reached XP level 16. HP: 83/85 MP: 24/24
 14088 | Lair:4   | Found the +3 Mad Mage's Maulers {Infuse+∞ RegenMP Int-3}
 14325 | Lair:5   | Found a staircase to the Slime Pits.
 14554 | Lair:5   | Noticed Urug
 14582 | Lair:5   | Killed Urug
 14715 | Lair:5   | Noticed Snorg
 14723 | Lair:5   | Killed Snorg
 15174 | Lair:6   | Entered Level 6 of the Lair of Beasts
 15426 | Lair:6   | Identified the +1 sling "Thing" {venom, Int-5 Dex+5}
 15448 | Lair:6   | Reached skill level 14 in Throwing
 16755 | Orc:1    | Entered Level 1 of the Orcish Mines
 16890 | Orc:1    | Found a burning altar of Makhleb.
 17036 | Orc:2    | Entered Level 2 of the Orcish Mines
 17038 | Orc:2    | Found a staircase to the Elven Halls.
 17050 | Orc:2    | Found a flickering gateway to a bazaar.
 17097 | Bazaar   | Entered a bazaar
 17139 | Bazaar   | Found Astris's Antique Armour Boutique.
 17183 | Bazaar   | Found Etukle Huzu's Assorted Antiques.
 17191 | Bazaar   | Bought a scroll of enchant armour for 217 gold pieces
 17191 | Bazaar   | Bought a large bronze ring for 145 gold pieces
 17206 | Bazaar   | Found Iteumuimp's Antique Weapon Boutique.
 17331 | Bazaar   | Bought an encrusted chain mail for 323 gold pieces
 17331 | Bazaar   | Identified the +1 chain mail of Trial and Error {Dex+4}
                  | (You bought it in a shop in a bazaar)
 17375 | Bazaar   | Bought a crystal great mace for 333 gold pieces
 17375 | Bazaar   | Identified the +3 great mace of the Unspeakable One {pain,
                  | rCorr} (You bought it in a shop in a bazaar)
 17421 | Orc:2    | Found a transporter.
 17828 | Orc:2    | Noticed megeza's ghost (journeyman OgBe)
 17856 | Orc:2    | Found a transporter.
 17864 | Orc:2    | Noticed Blork the orc
 17883 | Orc:2    | Killed Blork the orc
 17889 | Orc:2    | Reached ***** piety under the Shining One
 18810 | Orc:2    | Reached skill level 15 in Throwing
 18934 | Orc:2    | Reached XP level 17. HP: 12/89 MP: 0/27
 18934 | Orc:2    | HP: 3/89 [orc priest/divine providence (10)]
 19036 | Orc:2    | Found Myobeozibb's Antique Armour Shoppe.
 19107 | Orc:2    | Found Mephuck's Jewellery Shoppe.
 19123 | Orc:2    | Found Hoskime's Antique Weapon Shoppe.
 19139 | Orc:2    | Found Hamofas's General Store.
 19146 | Orc:2    | Bought a scroll of teleportation for 51 gold pieces
 21335 | D:13     | Found a gate to the Vaults.
 21734 | D:13     | Reached skill level 16 in Throwing
 21796 | D:13     | Got Hiaf's Anthology of Amassed Blasphemous Rites
 21821 | D:13     | Reached XP level 18. HP: 89/93 MP: 0/29
 23386 | Orc:2    | Bought the ring of Osasy {Will+ rCorr Str+2 Slay+2} for 723
                  | gold pieces
 23389 | Orc:2    | Reached skill level 5 in Armour
 23389 | Orc:2    | Reached XP level 19. HP: 98/98 MP: 30/30
 23528 | D:15     | Entered Level 15 of the Dungeon
 24650 | D:15     | Reached skill level 15 in Invocations
 25010 | D:15     | Found a staircase to the Depths.
 25057 | D:15     | Acquired the +3 warlock's mirror {reflect}
 25057 | D:15     | Found the +3 warlock's mirror {reflect}
 25382 | Shoals:1 | Entered Level 1 of the Shoals
 25437 | Shoals:1 | Reached ****** piety under the Shining One
 25546 | Shoals:1 | Identified a +0 sacred scourge of holy wrath (a -2 demon
                  | whip of venom blessed by the Shining One)
 25546 | Shoals:1 | Received a gift from the Shining One
 25802 | Shoals:1 | Noticed Nikola
 25814 | Shoals:1 | Killed Nikola
 26667 | Shoals:2 | Found Xole's Magic Scroll Shop.
 26675 | Shoals:2 | Bought a scroll of enchant weapon for 90 gold pieces
 26675 | Shoals:2 | Bought a scroll of magic mapping for 90 gold pieces
 26886 | Shoals:2 | Found an opulent altar of Gozag.
 27401 | Shoals:3 | Noticed Aizul
 27413 | Shoals:3 | Killed Aizul
 28217 | Snake:1  | Entered Level 1 of the Snake Pit
 28261 | Snake:1  | The Shining One protects you from harm!
 28262 | Snake:1  | HP: 4/104 [guardian serpent (13)]
 28262 | Snake:1  | Slain by a guardian serpent

Illustrated notes

Levels and vault maps discovered:
D:1:      tarquinn_simple_flora_water_b, layout_basic, serial_shops,
          nicolae_shop_waterfront
D:2:      layout_basic, hellmonk_ecumenical_altar_leap_of_faith
D:3:      layout_loops_ring, moated_statue, uniq_sigmund, uniq_ijyb
D:4:      layout_cave_pools, nicolae_gozag_seed_capital,
          mainiacjoe_overflow_brackets, grunt_decor_one_mirror,
          solitary_fountain, minmay_misc_feat_rows
D:5:      layout_basic, kennysheep_okawaru_gauntlet,
          nicolae_ossuary_entry_ruins, serial_shops, shop, uniq_menkaure,
          uniq_grinder, uniq_eustachio
D:6:      layout_rooms, nicolae_benzene_ring
D:7:      layout_basic, old_standard_altar, minmay_temple_entry_drinking_statues
D:8:      layout_rooms, nemelex_diamond_rough_becter, pf_just_have_faith,
          mainiacjoe_overflow_small_starburst, david_lair_shrubbed,
          uniq_maurice, uniq_amaemon
D:9:      layout_irregular_city
D:10:     layout_cave_pools, zin_scriptorium, gammafunk_temple_overflow_wave,
          jmf_multi_god_temple2
D:11:     layout_stronghold, orc_0_dummy
D:12:     layout_loops_corners, portal_ice_cave_entry_animals_and_master,
          chequers_serial_rivers_large_a, minivault_7
D:13:     layout_roguey, lightli_vaults_fourway_checkpoint,
          einodemon_crawler_minivault
D:14:     layout_cross, hangedman_decor_push
D:15:     grunt_enter_depths_snipers, layout_loops_ring, serial_park_square3
          [serial_park_minivault_5x5_4]
Lair:1:   layout_cave_pods, gammafunk_ghost_hydra_chop
Lair:2:   layout_layer_cave, minmay_snake_entry_six_corridors, st_stairs_13,
          grunt_forest_small_clearing_treed
Lair:3:   layout_layer_cave
Lair:4:   layout_cave_pods, minmay_shoals_entry_lonely_mermaid,
          serial_bayou_shore_b, grunt_megastairs_5, uniq_sonja, uniq_josephine
Lair:5:   layout_small_grid, nicolae_slime_entry_slimehenge, lemuel_fruit_tree,
          infiniplex_staircase_pool, uniq_urug, uniq_snorg
Lair:6:   grunt_lair_end_beastmaster, layout_hall_layers
Shoals:1: layout_shoals, uniq_nikola
Shoals:2: layout_shoals, serial_shops, shop, lemuel_centaur_altar
Shoals:3: layout_shoals, uniq_aizul
Snake:1:  layout_misc_corridors, minmay_shop_star
Orc:1:    layout_caves, basic_altar
Orc:2:    grunt_orc_cross, layout_diamond_mine, serial_shops,
          bzr_entry_lakeside, gammafunk_ghost_stat_death, nicolae_orc_lava_tube

Skill      XL: |  1  2  3  4  5  6  7  8  9 10 11 12 13 14 15 16 17 18 19 |
---------------+----------------------------------------------------------+-----
Maces & Flails | 2 3 4 5 7 9 11 12 | 12.0
Shields        | 3 4 5 9 10 | 10.5
Throwing       | 1 7 10 13 15 16 | 16.0
Fighting       | 3 4 9 10 13 | 13.3
Invocations    | 9 10 12 13 14 15 | 15.0
Armour         | 5 |  5.4

Action                   |  1- 3 |  4- 6 |  7- 9 | 10-12 | 13-15 | 16-18 | 19-21 || total
-------------------------+-------+-------+-------+-------+-------+-------+-------++-------
Melee: Flail             |    96 |       |       |       |       |       |       ||    96
       Bite              |    28 |    41 |   141 |   118 |   196 |   336 |   239 ||  1099
       Whip              |    13 |   156 |   362 |   161 |       |   300 |   169 ||  1161
       Morningstar       |       |       |       |    69 |   342 |   373 |       ||   784
       Sacred scourge    |       |       |       |       |       |       |   259 ||   259
Throw: Throwing net      |       |     4 |     6 |       |       |       |       ||    10
       Javelin           |       |       |     9 |       |       |       |       ||     9
       Boomerang         |       |       |     3 |    12 |     4 |    12 |    31 ||    62
Invok: Summon Divine War |       |       |       |       |       |     1 |       ||     1
       Cleansing Flame   |       |       |       |       |       |       |     1 ||     1
       Brand Weapon With |       |       |       |       |       |       |     1 ||     1
Evoke: Wand              |       |       |     1 |     3 |       |     3 |       ||     7
  Use: Scroll            |       |     2 |    13 |     3 |     5 |     8 |    11 ||    42
       Potion            |       |     1 |     6 |     3 |     2 |     5 |       ||    17
 Stab: Held in net/web   |       |       |     1 |       |       |       |       ||     1
Armor: Scale mail        |    68 |    35 |    80 |     1 |       |       |       ||   184
       Skin              |       |       |     4 |       |       |       |       ||     4
       Plate armour      |       |       |     2 |    80 |   145 |   252 |   149 ||   628
Dodge: Dodged            |    62 |    63 |   121 |    34 |    69 |   102 |    87 ||   538
Block: Buckler           |    36 |    33 |    96 |    56 |   134 |   328 |   175 ||   858
       Reflection        |       |       |       |       |       |    16 |    20 ||    36
       Rpst.: Whip       |       |       |    50 |    19 |       |       |       ||    69
       Morningstar       |       |       |       |    10 |    59 |    23 |       ||    92
       Sacred scourge    |       |       |       |       |       |       |    31 ||    31

Table legend: (Time is in decaauts)
 A = Elapsed time spent in this place.
 B = Non-inter-level travel time spent in this place.
 C = Inter-level travel time spent in this place.
 D = Time resting spent in this place.
 E = Time spent auto-exploring this place.
 F = Levels seen in this place.
 G = Mean time per level.
                   A        B        C        D        E       F      G
               +--------+--------+--------+--------+--------+-----+--------+
         Total |  27963 |  25389 |   2574 |   1025 |  18713 |  28 |  998.7 |
       Dungeon |  15615 |  14221 |   1394 |    602 |  10140 |  15 | 1041.0 |
          Lair |   7189 |   6314 |    875 |      6 |   5187 |   6 | 1198.2 |
        Shoals |   2630 |   2491 |    139 |    138 |   1878 |   3 |  876.7 |
     Snake Pit |     38 |     38 |      0 |      6 |     13 |   1 |   38.0 |
  Orcish Mines |   2199 |   2036 |    163 |    272 |   1302 |   2 | 1099.5 |
        Bazaar |    290 |    290 |      0 |      0 |    191 |   1 |  290.0 |
               +--------+--------+--------+--------+--------+-----+--------+

Top non-repeatable levels by time:
    D:12: 1925 daAuts
   Orc:2: 1667 daAuts
  Lair:2: 1583 daAuts
    D:15: 1550 daAuts
    D:13: 1479 daAuts
  Lair:4: 1446 daAuts
     D:7: 1295 daAuts
     D:1: 1205 daAuts
     D:8: 1153 daAuts
  Lair:6: 1153 daAuts
  Lair:3: 1138 daAuts
  Lair:5: 973 daAuts
Shoals:1: 970 daAuts
     D:4: 908 daAuts
    D:11: 902 daAuts
